 Dungeon Sprint DCSS version 0.29-a0-555-g3b24f45cc1 (webtiles) character file.

Game seed: 2126039759057266364

358 Zeld the Ducker (level 6, -1/53 HPs)
             Began as a Djinni Monk on June 7, 2022.
             Was a High Priest of Makhleb.
             Slain by Pargi (2 damage)
             ... in the Dungeon (Sprint VII: "The Pits").
             The game lasted 00:01:07 (671 turns).

Zeld the Ducker (Djinni Monk)                        Turns: 671, Time: 00:01:08

Health: -1/53      AC:  2    Str: 12    XL:     6   Next: 97%
Gold:   0          EV: 15    Int: 12    God:    Makhleb [*****.] SH:  0 Dex: 15

rFire   + + .      SeeInvis .   h - +2 quarterstaff (holy)
rCold   x . .      Faith    .   (shield currently unavailable)
rNeg    . . .      Spirit   .   a - +0 robe
rPois   ∞          Reflect  .   (no helmet)
rElec   .          Harm     .   (no cloak)
rCorr   .          Rampage  .   (no gloves)
Will    .....      NoTele   +   (boots unavailable)
Stlth   ++........              (no amulet)
HPRegen 0.17/turn               (no ring)
MPRegen 0.00/turn               (no ring)

@: on berserk cooldown, flying, slowed, very slow
A: sickness immunity, fire resistance 2, cold vulnerability 1, float, innate
caster, HP casting, extra vitality 1
a: Renounce Religion, Minor Destruction, Lesser Servant of Makhleb, Major
Destruction, Greater Servant of Makhleb


You were in the Dungeon.
You worshipped Makhleb.
Makhleb was extremely pleased with you.
You visited 1 branch

Inventory:

Hand Weapons
 h - a +2 quarterstaff of holy wrath (weapon)
Armour
 a - a +0 robe (worn)
Scrolls
 g - a scroll of blinking
Potions
 b - a potion of ambrosia
 c - 6 potions of curing
 d - 6 potions of heal wounds
 e - a potion of haste
 f - 2 potions of berserk rage
 i - 2 potions of invisibility


   Skills:
 + Level 7.0 Fighting
 * Level 4.5 Staves
 + Level 7.6 Dodging
 - Level 2.8 Stealth
 + Level 6.9 Unarmed Combat
 * Level 2.8 Spellcasting
 * Level 3.8 Invocations


You had 7 spell levels left.
You knew the following spells:

 Your Spells              Type           Power      Damage    Failure   Level
a - Shock                 Conj/Air       32%        1d5       8%          1
b - Wereblood             Tmut           8%         N/A       12%         2
Your spell library was empty.

Dungeon Overview and Level Annotations

Branches:
Dungeon (1/1)

Altars:
Ashenzari
Cheibriados
Dithmenos
Elyvilon
Fedhas
Gozag
Hepliaklqana
Kikubaaqudgha
Makhleb
Nemelex Xobeh
Okawaru
Qazlal
Ru
Sif Muna
Trog
Uskayaw
Vehumet
Wu Jian
Xom
Yredelemnul
Zin
The Shining One
Beogh
Jiyva
Lugonu

Annotations:
D Pargi


Innate Abilities, Weirdness & Mutations

You are immune to sickness and miasma.
You are immune to poison.
Your flesh is very heat resistant. (rF++)
You are vulnerable to cold. (rC-)
You float through the air rather than walking.
You learn spells naturally, not from books.
Your magical power is your life essence.
You have superior vitality. (+4 MHP)


Message History

Makhleb accepts your kill.
You feel better.
Reactivating autopickup.
You feel a bit more experienced.
An iron imp comes into view.
Your Fighting skill increases to level 7!
You barely miss the orc. You sock the orc!
You kill the orc!
Makhleb accepts your kill.
You feel better.
Unknown command.
You sock the orc priest!
The orc priest is almost dead.
The orc priest closely misses you.
You thump the orc priest!
You kill the orc priest!
Makhleb accepts your kill.
You can now summon a greater servant of Makhleb.
You are no longer berserk.
You are exhausted.
You feel yourself slow down.
You hit Pargi.
Pargi is lightly wounded.
Pargi bites you.
* * * LOW HITPOINT WARNING * * *
Pargi claws you.
* * * LOW HITPOINT WARNING * * *
Pargi claws you.
* * * LOW HITPOINT WARNING * * *
As you read the scroll of summoning, it crumbles to dust.
Wisps of shadow whirl around you...
The shadows disperse without effect.
Pargi completely misses you.
Pargi misses you. x2; Pargi closely misses you.
Pargi misses you. Pargi barely misses you.
Okay, then.
Unknown command.
A demon appears!
Pargi bites you.
* * * LOW HITPOINT WARNING * * *
Pargi claws you.
You die...

#...........'.....
#'#####'#####.....
#.#..#..#..##.....
#.#..+..'..#####'#
#.##)####'###.....
#.#........##.....
#.#........##.....
#3#####'#####...<.
#@#..[)))..##.....
#T#..[)))..##.....
#n###########.....


#oo ###### #5.. ##.#. ..bo .# #n .. o. You could see Pargi (ally target), an orc
warrior, a necrophage, an iron imp, an orc and a friendly neqoxec (summoned).

Vanquished Creatures
  A fire bat (D)
  A floating eye (D)
  A quasit (D)
  An orc priest (D)
  An orc wizard (D)
  2 adders (D)
  An orc (D)
  A bat zombie (D)
  A hobgoblin (D)
  A kobold (D)
  2 quokkas (D)
  A ball python (D)
14 creatures vanquished.

Notes
Turn   | Place    | Note
-------+----------+-------------------------------------------
     0 | D        | Zeld the Djinni Monk began the quest for the Orb.
     0 | D        | Reached XP level 1. HP: 20/20 MP: 0/0
    26 | D        | Found a bloodstained altar of Trog.
    26 | D        | Found a viscous altar of Jiyva.
    26 | D        | Found a hazy altar of Hepliaklqana.
    26 | D        | Found an opulent altar of Gozag.
    27 | D        | Found a glowing golden altar of the Shining One.
    27 | D        | Found a glowing silver altar of Zin.
    27 | D        | Found a basalt altar of Yredelemnul.
    27 | D        | Found a shimmering altar of Xom.
    27 | D        | Found an ornate altar of the Wu Jian Council.
    27 | D        | Found a sacrificial altar of Ru.
    27 | D        | Found a stormy altar of Qazlal.
    27 | D        | Found an iron altar of Okawaru.
    27 | D        | Found a sparkling altar of Nemelex Xobeh.
    27 | D        | Found a burning altar of Makhleb.
    27 | D        | Found a blossoming altar of Fedhas.
    27 | D        | Found a white marble altar of Elyvilon.
    27 | D        | Found a shadowy altar of Dithmenos.
    27 | D        | Found a snail-covered altar of Cheibriados.
    28 | D        | Found a corrupted altar of Lugonu.
    29 | D        | Found a hide-covered altar of Uskayaw.
    29 | D        | Found a broken altar of Ashenzari.
    34 | D        | Reached XP level 2. HP: 19/26 MP: 0/0
    39 | D        | Became a worshipper of Makhleb the Destroyer
    39 | D        | Reached * piety under Makhleb
    39 | D        | Reached ** piety under Makhleb
   210 | D        | Noticed a floating eye
   213 | D        | Paralysed by a floating eye for 4 turns
   218 | D        | Paralysed by a floating eye for 2 turns
   220 | D        | Killed a floating eye
   221 | D        | Reached skill level 5 in Fighting
   221 | D        | Reached skill level 1 in Staves
   221 | D        | Reached skill level 5 in Unarmed Combat
   221 | D        | Reached XP level 3. HP: 34/34 MP: 0/0
   221 | D        | Learned a level 1 spell: Shock
   221 | D        | Reached XP level 4. HP: 40/40 MP: 0/0
   221 | D        | Reached XP level 5. HP: 45/45 MP: 0/0
   221 | D        | Learned a level 2 spell: Wereblood
   383 | D        | Reached *** piety under Makhleb
   469 | D        | Reached **** piety under Makhleb
   648 | D        | Noticed a fire bat
   649 | D        | Noticed Pargi
   657 | D        | Killed a fire bat
   658 | D        | Reached XP level 6. HP: 28/51 MP: 0/0
   661 | D        | Noticed an orc warrior
   668 | D        | Reached ***** piety under Makhleb
   671 | D        | HP: 1/53 [Pargi (6)]
   671 | D        | Slain by Pargi

Illustrated notes

Levels and vault maps discovered:
D:        pitsprint [storerooms_1, entrance_room_1, metal_vault_3, armoury_3,
          mini_pit_1, grid_room_1, main_hall_1, silver_pit, the_coven_3,
          the_vestibule_1, steel_vault_2, golden_pit, hallway_of_sentries,
          crystal_vault_2, iron_vault_1, final_vault]

Skill      XL: |  1  2  3  4  5  6 |
---------------+-------------------+-----
Dodging        | 4 6 7 |  7.6
Unarmed Combat | 5 6 |  6.9
Fighting       | 5 6 7 |  7.0
Staves         | 1 4 |  4.5
Stealth        | 2 |  2.8
Spellcasting   | 2 |  2.8
Invocations    | 3 |  3.8

Action                   |  1- 3 |  4- 6 || total
-------------------------+-------+-------++-------
Melee: Unarmed           |     6 |       ||     6
       Quarterstaff      |     8 |    30 ||    38
 Cast: Wereblood         |       |     1 ||     1
Invok: Lesser Servant of |       |     1 ||     1
  Use: Potion            |       |     1 ||     1
       Scroll            |       |     1 ||     1
 Stab: Sleeping          |     1 |       ||     1
Armor: Robe              |     4 |     9 ||    13
Dodge: Dodged            |    11 |    35 ||    46

Table legend: (Time is in decaauts)
 A = Elapsed time spent in this place.
 B = Non-inter-level travel time spent in this place.
 C = Inter-level travel time spent in this place.
 D = Time resting spent in this place.
 E = Time spent auto-exploring this place.
 F = Levels seen in this place.
 G = Mean time per level.
                   A        B        C        D        E       F      G
               +--------+--------+--------+--------+--------+-----+--------+
         Total |    672 |    672 |      0 |    488 |     23 |   1 |  672.0 |
       Dungeon |    672 |    672 |      0 |    488 |     23 |   1 |  672.0 |
               +--------+--------+--------+--------+--------+-----+--------+

Top non-repeatable levels by time:
       D: 672 daAuts
